Map: Dusk Towers

Players

Fropez - Winner!

  • Race: Protoss Protoss
  • League: Silver
  • Spawn Location: 1:00

DaZergAnator

  • Race: Protoss Protoss
  • League: Silver
  • Spawn Location: 7:00

VOD

Have the link to the VOD?

Description

Time

  • Played on: June 25, 2016, 11:56 a.m.
  • Length: 13:47
Show
View Real Time Build Order
Export as new Build Order

Fropez Protoss - Winner!

Build Orders: Oracle Opening 

Get SALT Encoding   

  12  0:11  Pylon  
  12  0:26  Probe (Chrono Boost)  
  13  0:29  Gateway  
  13  0:37  Probe (Chrono Boost)  
  13  0:41  Assimilator  
  14  0:51  Pylon  
  14  1:01  Gateway  
  14  1:16  Cybernetics Core  
  14  1:21  Probe (Chrono Boost)  
  15  1:39  Assimilator  
  15  2:04  Stargate  
  15  2:17  Probe (Chrono Boost)  
  16  2:28  Probe (Chrono Boost), Warp Gate  
  17  2:31  Adept  
  17  2:32  Adept  
  22  2:50  Oracle  
  24  2:55  Probe (Chrono Boost)  
  25  3:06  Probe (Chrono Boost)  
  26  3:16  Probe (Chrono Boost)  
  26  3:19  Pylon  
  27  3:29  Oracle  
  30  4:08  Oracle (Chrono Boost)  
  33  4:11  Probe  
  34  4:45  Oracle (Chrono Boost)  
  37  4:53  Probe  
  37  4:55  Nexus  
  37  4:58  Assimilator  
  38  5:01  Protoss Air Weapons Level 1 (Chrono Boost)  
  38  5:02  Assimilator  
  38  5:05  Pylon  
  35  5:31  Probe  
  35  5:34  Phoenix (Chrono Boost)  
  38  5:41  Stargate  
  38  5:42  Pylon  
  38  5:43  Probe  
  39  5:59  Phoenix (Chrono Boost)  
  41  6:20  Probe  
  41  6:21  Phoenix (Chrono Boost)  
  41  6:22  Probe  
  44  6:28  Phoenix (Chrono Boost)  
  44  6:34  Zealot x2  
  40  6:56  Zealot x2  
  40  6:59  Phoenix (Chrono Boost)  
  46  7:02  Phoenix (Chrono Boost)  
  46  7:05  Probe  
  46  7:07  Probe  
  48  7:16  Probe  
  48  7:19  Probe  
  50  7:30  Phoenix (Chrono Boost)  
  52  7:43  Pylon  
  52  7:59  Phoenix (Chrono Boost)  
  54  8:08  Pylon  
  54  8:12  Pylon  
  54  8:28  Phoenix (Chrono Boost)  
  54  8:32  Phoenix (Chrono Boost)  
  58  8:35  Stalker x2  
  58  8:37  Probe  
  58  8:38  Probe  
  58  9:31  Protoss Air Armor Level 1 (Chrono Boost)  
  58  9:33  Phoenix (Chrono Boost)  
  58  9:36  Phoenix (Chrono Boost)  
  62  9:40  Fleet Beacon  
  62  9:44  Probe  
  62  9:45  Probe  
  64  9:55  Phoenix (Chrono Boost), Probe  
  64  9:57  Probe  
  70  10:01  Phoenix (Chrono Boost)  
  70  10:05  Probe  
  70  10:07  Pylon  
  71  10:14  Phoenix (Chrono Boost)  
  67  10:59  Anion Pulse-Crystals (Chrono Boost)  
  67  11:01  Protoss Air Weapons Level 2  
  67  11:02  Phoenix x2  
  71  11:16  Nexus  
  71  12:02  Phoenix x2  
  71  12:04  Probe x2  
  77  12:17  Pylon  
  77  12:19  Probe  
  78  12:24  Pylon  
  78  12:25  Assimilator  
  78  12:27  Assimilator  
  78  12:28  Pylon  
  78  12:29  Pylon  
  80  12:35  Phoenix  
Show
View Real Time Build Order
Export as new Build Order

DaZergAnator Protoss 

Build Orders:  

Get SALT Encoding   

  12  0:02  Probe (Chrono Boost)  
  13  0:19  Pylon  
  13  0:22  Probe (Chrono Boost)  
  14  0:33  Probe (Chrono Boost)  
  15  0:46  Gateway  
  15  0:52  Probe (Chrono Boost)  
  16  0:57  Assimilator  
  16  1:02  Probe (Chrono Boost)  
  17  1:13  Probe (Chrono Boost)  
  18  1:44  Probe (Chrono Boost), Cybernetics Core  
  18  1:55  Probe (Chrono Boost)  
  18  1:58  Nexus  
  18  2:00  Zealot  
  21  2:05  Probe (Chrono Boost)  
  22  2:08  Pylon  
  22  2:16  Probe (Chrono Boost)  
  23  2:26  Probe (Chrono Boost)  
  23  2:28  Robotics Facility  
  24  2:35  Assimilator  
  24  2:37  Probe (Chrono Boost)  
  25  2:46  Warp Gate (Chrono Boost)  
  25  2:51  Probe  
  26  3:03  Probe  
  26  3:04  Stalker  
  29  3:11  Probe  
  30  3:13  Pylon  
  30  3:15  Probe  
  30  3:19  Warp Prism  
  33  3:21  Probe  
  34  3:29  Probe  
  34  3:32  Probe  
  36  3:37  Gateway  
  36  3:41  Probe  
  36  3:47  Stalker (Chrono Boost)  
  20  4:11  Probe  
  20  4:13  Probe  
  20  4:22  Probe  
  21  4:25  Probe  
  22  4:37  Probe  
  18  4:44  Probe  
  18  4:49  Probe, Immortal  
  23  4:54  Probe  
  24  5:01  Probe  
  24  5:02  Stalker  
  24  5:05  Probe  
  28  5:13  Probe  
  25  5:22  Probe  
  25  5:25  Probe  
  22  5:33  Probe  
  23  5:37  Probe  
  24  5:44  Probe  
  24  5:49  Probe  
  26  5:54  Probe  
  26  5:56  Stalker  
  29  5:57  Sentry  
  29  6:03  Probe  
  32  6:05  Probe  
  31  6:15  Probe  
  27  6:19  Probe  
  28  6:27  Probe  
  29  6:36  Zealot  
  31  6:51  Stalker  
  29  7:02  Stalker  
  29  7:03  Zealot  
  27  7:09  Probe  
  27  7:10  Probe  
  29  7:24  Pylon  
  29  7:30  Mothership Core  
  31  7:38  Sentry  
  31  7:42  Probe  
  34  7:50  Probe  
  35  8:00  Probe x2  
  37  8:11  Probe  
  37  8:12  Probe  
  39  8:24  Probe  
  40  8:42  Stalker  
  40  8:43  Stalker  
  40  8:44  Probe  
  40  8:45  Probe  
  46  8:54  Gateway  
  34  9:24  Stalker x2  
  32  9:35  Probe  
  32  9:36  Probe  
  34  9:42  Pylon  
  34  9:45  Probe  
  34  9:48  Probe  
  36  9:53  Stalker x3  
  36  9:56  Probe  
  43  10:00  Probe  
  43  10:06  Probe  
  44  10:08  Twilight Council  
  44  10:12  Probe  
  46  10:17  Probe  
  47  10:35  Assimilator  
  34  11:00  Probe  
  34  11:01  Probe  
  36  11:07  Dark Shrine  
  36  11:10  Probe  
  36  11:13  Probe  
  36  11:14  Stalker x2  
  36  11:15  Stalker  
  44  11:21  Probe  
  45  11:25  Probe  
  39  11:51  Mothership Core (Chrono Boost)  
  31  12:02  Probe (Chrono Boost)  
  32  12:09  Probe (Chrono Boost)  
  32  12:11  Pylon  
  32  12:12  Probe (Chrono Boost)  
  34  12:16  Nexus  
  34  12:20  Probe (Chrono Boost)  
  35  12:23  Probe (Chrono Boost)  
  36  12:46  Dark Templar  
  36  12:49  Dark Templar  
  40  12:55  Probe (Chrono Boost)  
  40  12:56  Probe (Chrono Boost)  
  42  13:04  Forge  
  40  13:06  Probe x2 (Chrono Boost)  
  28  13:24  Stalker x3  
Tags
 
Matchup
PvP
Replay Pack
All Mines
Spawn Locations
Cross Positions
Add a new tag
Caveats
  • Supply blocks, unpowered buildings, or Contaminate may cause inaccurate times.
  • Supply counts are checked every 10 seconds.